 Dungeon Crawl Stone Soup version 0.26-a0-70-g31f1466007 (webtiles) character file.

Game seed: 12181972799147873840

56 Arctilankyr the Skirmisher (level 3, 0/34 HPs)
             Began as a Naga Berserker on June 14, 2020.
             Was a Believer of Trog.
             Slain by Grinder (9 damage)
             ... on level 3 of the Dungeon.
             The game lasted 00:07:21 (1554 turns).

Arctilankyr the Skirmisher (Naga Berserker)         Turns: 1554, Time: 00:07:21

Health: 0/34       AC:  4    Str: 20    XL:     3   Next: 95%
Magic:  3/3        EV:  9    Int:  7    God:    Trog [**....]
Gold:   156        SH:  0    Dex: 10    Spells: 2/2 levels left

rFire    . . .     SeeInvis +   l - +1 spear (vamp)
rCold    + . .     Gourm    .   (no shield)
rNeg     . . .     Faith    .   d - +0 ring mail
rPois    +         Spirit   .   (no helmet)
rElec    .         Reflect  .   (no cloak)
rCorr    .         Harm     .   (no gloves)
MR       ++...                  (no barding)
Stlth    ..........             (no amulet)
HPRegen  1.11/turn              g - ring of protection from cold
MPRegen  0.08/turn              (no ring)

@: regenerating, very slow
A: large, see invisible, deformed body, poison resistance, slowness 2, slow
metabolism 1, spit poison 1, AC +1
a: Spit Poison, Berserk, Trog's Hand, Renounce Religion


You were on level 3 of the Dungeon.
You worshipped Trog.
Trog was pleased with you.
You were not hungry.

You visited 1 branch of the dungeon, and saw 3 of its levels.

You collected 156 gold pieces.

Inventory:

Hand Weapons
 a - a +1 spear
 l - a +1 vampiric spear (weapon)
Missiles
 j - 2 throwing nets (quivered)
Armour
 b - a +0 animal skin
 d - a +0 ring mail (worn)
 o - a scarf of harm
Jewellery
 g - a ring of protection from cold (left hand)
Wands
 n - a wand of flame (10)
Scrolls
 i - a scroll of identify
 k - a scroll of enchant weapon
 p - a scroll of remove curse {unknown}
 q - a scroll of fear {unknown}
 s - a scroll of teleportation {unknown}
Potions
 e - 2 potions of flight
 f - a potion of curing {unknown}
 h - 2 potions of berserk rage {unknown}
 m - a potion of mutation {unknown}
 r - a potion of brilliance {unknown}
Comestibles
 c - 3 rations


   Skills:
 + Level 3.5 Fighting
 + Level 3.5 Polearms
 * Level 2.4 Armour
 - Level 1.6 Dodging


You had 2 spell levels left.
You didn't know any spells.
Your spell library was empty.

Dungeon Overview and Level Annotations

Branches:
Dungeon (3/15)

Altars:
Fedhas
Makhleb
Qazlal
Trog
Zin

Annotations:
D:3 Grinder


Innate Abilities, Weirdness & Mutations

You cannot wear boots.
Your serpentine skin is tough. (AC +1)
You have supernaturally acute eyesight. (SInv)
Armour fits poorly on your strangely shaped body.
Your system is resistant to poisons. (rPois)
You cover ground very slowly.
You have a slow metabolism.
You can spit poison.


Message History

Grinder blinks!
Grinder gestures at you. Pain shoots through your body!
Grinder gestures at you.
You barely resist. Grinder gestures at you.
You suddenly lose the ability to move!
Grinder blinks! x2
You can move again.
Okay, then.
Grinder gestures at you. Pain shoots through your body!
Your skin crawls.
You feel resistant to hostile enchantments.
You feel somewhat more hungry. Grinder hits you.
You writhe in agony.
* * * LOW HITPOINT WARNING * * *
You barely miss Grinder.
Grinder is moderately wounded.
Grinder hits you!
You die...

#### ##### ...# ##@..##
##.# #5###.### #.#
#.#..... ##.####
#.#.#.###
......##########...#
...............##)####
#....................#
#..##.#.#.#....#####.....
#..##.#.#.#.##.# .##.


You could see Grinder.

Vanquished Creatures
  2 worms (D:2)
  2 dart slugs (D:1)
  A leopard gecko (D:2)
  2 bats
  3 giant cockroaches
  6 hobgoblins
  3 jackals (D:1)
  A quokka (D:2)
  4 frilled lizards
  8 goblins
  7 kobolds
  4 rats
43 creatures vanquished.

Notes
Turn   | Place    | Note
-------+----------+-------------------------------------------
     0 | D:1      | Arctilankyr the Naga Berserker began the quest for the Orb.
     0 | D:1      | Reached XP level 1. HP: 21/21 MP: 1/1
    80 | D:1      | Reached XP level 2. HP: 8/28 MP: 2/2
   513 | D:1      | Reached XP level 3. HP: 30/34 MP: 3/3
   812 | D:2      | Reached ** piety under Trog
   978 | D:2      | Found a bloodstained altar of Trog.
  1049 | D:2      | Found a glowing silver altar of Zin.
  1051 | D:2      | Found a stormy altar of Qazlal.
  1052 | D:2      | Found a blossoming altar of Fedhas.
  1052 | D:2      | Found a burning altar of Makhleb.
  1529 | D:3      | Noticed Grinder
  1542 | D:3      | Paralysed by Grinder for 7 turns
  1554 | D:3      | Slain by Grinder

Illustrated notes

Levels and vault maps discovered:
D:1:      dpeg_arrival_houses_and_road, layout_basic
D:2:      layout_loops_cross, chequers_temple_overflow_statue_of_worship,
          bloody_trog, first_ration
D:3:      layout_loops_ring, bh_walls_and_bars, uniq_grinder

Skill      XL: |  1  2  3 |
---------------+----------+-----
Armour         | 2 |  2.4
Fighting       | |  3.5
Polearms       | |  3.5
Dodging        | |  1.6

Action                   || total
-------------------------++-------
Melee: Spear             ||   134
Invok: Berserk           ||     1
       Trog's Hand       ||     1
  Use: Scroll            ||     4
  Eat: Chunk             ||     2
       Ration            ||     1
Armor: Ring mail         ||    30
       Animal skin       ||     3
Dodge: Dodged            ||    51

Table legend:
 A = Non-vault XP
 B = Vault XP
 C = Vault XP percentage of total XP
 D = Non-vault monster count
 E = Vault monster count
 F = Vault count percentage of total count
                 A         B        C        D         E       F
            +---------+---------+-------+---------+---------+-------
      Total |      80 |       0 |   0.0 |      43 |       0 |   0.0
            +---------+---------+-------+---------+---------+-------
        D:1 |      38 |       0 |   0.0 |      20 |       0 |   0.0
        D:2 |      39 |       0 |   0.0 |      21 |       0 |   0.0
        D:3 |       3 |       0 |   0.0 |       2 |       0 |   0.0
            +---------+---------+-------+---------+---------+-------
